 Dungeon Crawl Stone Soup version 0.26-a0-542-gbaa144ba5c (webtiles) character file.

Game seed: 7524740747525343062

995633 rasy the Conqueror (level 27, -1/273 HPs)
             Began as a Minotaur Fighter on Aug 18, 2020.
             Was a High Priest of Makhleb.
             Slain by an Executioner (6 damage)
             ... summoned by Gloorx Vloq
             ... in Pandemonium.
             The game lasted 04:14:54 (79860 turns).

rasy the Conqueror (Minotaur Fighter)              Turns: 79860, Time: 04:14:54

Health: -1/273     AC: 47    Str: 32      XL:     27
Magic:  28/37      EV: 12    Int:  8 (11) God:    Makhleb [*****.]
Gold:   9876       SH: 41    Dex: 10 (12) Spells: 33/36 levels left

rFire    + . .     SeeInvis +   v - +8 sacred scourge (holy)
rCold    + + .     Faith    .   m - +8 tower shield
rNeg     + + +     Spirit   .   R - +8 orange crystal plate armour {Archmagi, Int+3 Clar}
rPois    .         Reflect  +   w - +2 hat
rElec    +         Harm     .   Y - +2 cloak {rCorr}
rCorr    +         Clarity  +   B - +2 pair of gloves "Biviu" {rC+ rN++}
MR       ++++.                  N - +2 pair of boots {Fly}
Stlth    ..........             Q - amulet of reflection
HPRegen  0.95/turn              W - ring of Nyxkim {rElec Slay+2 SInv Stlth+}
MPRegen  0.25/turn              A - ring "Jag Luin" {rC+ rN+ MR+ EV-4 Int+3}

@: lethally poisoned (-1 -> -1), about to teleport, flayed, flying, studying 2
skills
A: retaliatory headbutt, horns 2, talons 1, berserk 1, blurry vision 1, deformed
body, deterioration 1, fire resistance 1, magic resistance 1, regeneration 1,
screaming 1, shaggy fur 1, no potion heal 1
}: 10/15 runes: serpentine, barnacled, slimy, silver, icy, abyssal, demonic,
magical, fiery, dark
a: Minor Destruction, Lesser Servant of Makhleb, Major Destruction, Greater
Servant of Makhleb, Renounce Religion, Stop Flying


You were in Pandemonium.
You worshipped Makhleb.
Makhleb was extremely pleased with you.
You visited 13 branches of the dungeon, and saw 61 of its levels.
You visited Pandemonium 1 time, and saw 22 of its levels.
You visited the Abyss 2 times.
You visited 1 bazaar.
You also visited: Ossuary and Ice Cave.

You collected 13426 gold pieces.
You spent 3550 gold pieces at shops.

Inventory:

Hand Weapons
 c - the +6 sword of Cerebov {flame}
   (You took it off Cerebov in Pandemonium)

   It has been specially enchanted to burn those struck by it, causing extra
   injury to most foes and up to half again as much damage against particularly
   susceptible opponents.
   Big, fiery blades are also staple armaments of hydra-hunters.
 j - a +9 broad axe of flaming
 v - a +8 sacred scourge of holy wrath (weapon)
 P - a +9 vampiric broad axe
 U - a +9 broad axe of freezing
Missiles
 y - 3 silver boomerangs (quivered)
Armour
 m - a +8 tower shield (worn)
 w - a +2 hat (worn)
 B - the +2 pair of gloves "Biviu" (worn) {rC+ rN++}
   (You bought it in a shop on level 2 of the Orcish Mines)

   It protects you from cold.
   It greatly protects you from negative energy.
 N - a +2 pair of boots of flying (worn)
 R - the +8 orange crystal plate armour (worn) {Archmagi, Int+3 Clar}
   (You found it on level 3 of the Elven Halls)

   It affects your intelligence (+3).
   It protects you against confusion.
 Y - a +2 cloak of preservation (worn)
Jewellery
 A - the ring "Jag Luin" (right hand) {rC+ rN+ MR+ EV-4 Int+3}
   (You bought it in a shop in a bazaar)

   [ring of evasion]

   It affects your evasion (-4).
   It affects your intelligence (+3).
   It protects you from cold.
   It protects you from negative energy.
   It affects your resistance to hostile enchantments.
 I - the amulet "Japun" {RegenMP rElec MP+9}
   (You found it in Pandemonium)

   [amulet of magic regeneration]

   It increases your magic regeneration.
   It insulates you from electricity.
   It affects your magic capacity (+9).
 J - the cursed ring "Funk" {rF++ MP+9 EV-4}
   (You took it off a monstrous demonspawn in Pandemonium)

   [ring of evasion]

   It affects your evasion (-4).
   It greatly protects you from fire.
   It affects your magic capacity (+9).
   It has a curse placed upon it.
 L - the ring "Qexax" {rF+ Str+3 Dex+7}
   (You found it on level 10 of the Dungeon)

   [ring of protection from fire]

   It affects your strength (+3).
   It affects your dexterity (+7).
   It protects you from fire.
 Q - an amulet of reflection (around neck)
 W - the ring of Nyxkim (left hand) {rElec Slay+2 SInv Stlth+}
   (You found it in an ice cave)

   [ring of stealth]

   It affects your accuracy and damage with ranged weapons and melee attacks
   (+2).
   It insulates you from electricity.
   It lets you see invisible.
   It makes you more stealthy.
Wands
 p - a wand of digging (48)
 t - a wand of paralysis (61)
 E - a wand of polymorph (55)
 F - a wand of iceblast (45)
 H - a wand of random effects (34)
 K - a wand of disintegration (81)
 O - a wand of enslavement (42)
 V - a wand of flame (151)
 X - a wand of acid (68)
Scrolls
 a - 6 scrolls of fog
 d - 15 scrolls of identify
 g - 2 scrolls of blinking
 h - 21 scrolls of teleportation
 l - 32 scrolls of remove curse
 n - 15 scrolls of magic mapping
 x - 14 scrolls of fear
 C - 2 scrolls of enchant armour
 D - a scroll of enchant weapon
 G - 3 scrolls of holy word
Potions
 b - 20 potions of curing
 e - a potion of invisibility
 f - 5 potions of berserk rage
 q - 4 potions of cancellation
 r - 2 potions of might
 s - 9 potions of haste
 u - 3 potions of heal wounds
 z - 2 potions of resistance
 M - 2 potions of magic
 T - 6 potions of ambrosia
Books
 i - a manual of Translocations
 o - a manual of Transmutations
Miscellaneous
 k - the horn of Geryon


   Skills:
 O Level 27 Fighting
 - Level 25.0 Axes
 - Level 16.0 Throwing
 O Level 27 Armour
 - Level 20.0 Dodging
 O Level 27 Shields
 - Level 5.0 Spellcasting
 - Level 8.0 Translocations
 + Level 22.9 Invocations
 - Level 8.1 Evocations


You had 33 spell levels left.
You knew the following spells:

 Your Spells              Type           Power        Failure   Level
a - Blink                 Tloc           N/A          7%          2
b - Apportation           Tloc           ###...       4%          1

Your spell library contained the following spells:

 Spells                   Type           Power        Failure   Level
 Gell's Gravitas          Tloc           ###.......   14%         3
 Lesser Beckoning         Tloc           ###.......   14%         3
 Teleport Other           Tloc           ###.....     14%         3
 Passage of Golubria      Tloc           N/A          41%         4
 Portal Projectile        Hex/Tloc       ##....       56%         3
 Animate Skeleton         Necr           #.....       77%         1
 Corona                   Hex            #......      77%         1
 Foxfire                  Conj/Fire      #...         77%         1
 Freeze                   Ice            #...         77%         1
 Magic Dart               Conj           #...         77%         1
 Pain                     Necr           #...         77%         1
 Sandblast                Erth           #.....       77%         1
 Shock                    Conj/Air       #...         77%         1
 Sting                    Tmut/Pois      #...         77%         1
 Summon Small Mammal      Summ           #...         77%         1
 Call Imp                 Summ           #.......     88%         2
 Corpse Rot               Necr/Air       N/A          88%         2
 Ensorcelled Hibernation  Hex/Ice        #.....       88%         2
 Passwall                 Tmut/Erth      #.......     88%         2
 Poisonous Vapours        Pois/Air       #.....       88%         2
 Searing Ray              Conj           #.....       88%         2
 Slow                     Hex            #.......     88%         2
 Sublimation of Blood     Necr           #.........   88%         2
 Swiftness                Air            #.......     88%         2
 Iskenderun's Mystic Bla  Conj/Tloc      ##......     93%         4
 Call Canine Familiar     Summ           #.......     98%         3
 Confusing Touch          Hex            #.......     98%         3
 Conjure Flame            Conj/Fire      #.......     98%         3
 Dazzling Flash           Conj/Hex       #.....       98%         3
 Frozen Ramparts          Ice            #.....       98%         3
 Ignite Poison            Fire/Tmut/Pois #.......     98%         3
 Inner Flame              Hex/Fire       #.......     98%         3
 Mephitic Cloud           Conj/Pois/Air  #.......     98%         3
 Ozocubu's Armour         Ice            #.......     98%         3
 Spider Form              Tmut/Pois      #.........   98%         3
 Static Discharge         Conj/Air       #.......     98%         3
 Stone Arrow              Conj/Erth      #.....       98%         3
 Summon Guardian Golem    Hex/Summ       #.......     98%         3
 Tukima's Dance           Hex            #.......     98%         3
 Vampiric Draining        Necr           #.........   98%         3
 Airstrike                Air            #.........   100%        4
 Animate Dead             Necr           #.........   100%        4
 Cause Fear               Hex            #.........   100%        4
 Dispel Undead            Necr           #.......     100%        4
 Fulminant Prism          Conj/Hex       #.........   100%        4
 Hailstorm                Conj/Ice       #.......     100%        4
 Ice Form                 Ice/Tmut       #.......     100%        4
 Leda's Liquefaction      Hex/Erth       #.........   100%        4
 Olgreb's Toxic Radiance  Pois           #.......     100%        4
 Petrify                  Tmut/Erth      #.......     100%        4
 Summon Ice Beast         Ice/Summ       #.......     100%        4
 Summon Lightning Spire   Summ/Air       #.......     100%        4
 Agony                    Necr           #.......     100%        5
 Alistair's Intoxication  Tmut/Pois      #........    100%        5
 Bolt of Magma            Conj/Fire/Erth #.........   100%        5
 Borgnjor's Vile Clutch   Necr/Erth      #.........   100%        5
 Excruciating Wounds      Necr           #.........   100%        5
 Fireball                 Conj/Fire      #.........   100%        5
 Irradiate                Conj/Tmut      #.........   100%        5
 Iskenderun's Battlesphe  Conj           #.......     100%        5
 Lee's Rapid Deconstruct  Erth           #.........   100%        5
 Lightning Bolt           Conj/Air       #.........   100%        5
 Metabolic Englaciation   Hex/Ice        #.........   100%        5
 Silence                  Hex/Air        #.........   100%        5
 Summon Forest            Summ/Tloc      ##........   100%        5
 Yara's Violent Unravell  Hex/Tmut       #.........   100%        5
 Conjure Ball Lightning   Conj/Air       #.........   100%        6
 Dispersal                Tloc           ###.......   100%        6
 Eringya's Noxious Bog    Tmut/Pois      #.........   100%        6
 Freezing Cloud           Conj/Ice/Air   #.........   100%        6
 Hydra Form               Tmut           #.........   100%        6
 Invisibility             Hex            #.......     100%        6
 Iron Shot                Conj/Erth      #.........   100%        6
 Ozocubu's Refrigeration  Ice            #.........   100%        6
 Shadow Creatures         Summ           N/A          100%        6
 Simulacrum               Ice/Necr       #.........   100%        6
 Starburst                Conj/Fire      #.........   100%        6
 Statue Form              Tmut/Erth      #........    100%        6
 Dragon Form              Tmut           #.........   100%        7
 Malign Gateway           Summ/Tloc      ##........   100%        7
 Orb of Destruction       Conj           #.........   100%        7
 Spellforged Servitor     Conj/Summ      #.........   100%        7
 Summon Hydra             Summ           #.........   100%        7
 Controlled Blink         Tloc           N/A          100%        8
 Discord                  Hex            #.........   100%        8
 Ignition                 Fire           #.........   100%        8
 Dragon's Call            Summ           #.........   100%        9
 Shatter                  Erth           #.........   100%        9
 Tornado                  Air            #.........   100%        9


Dungeon Overview and Level Annotations

Branches:
Dungeon (15/15)            Temple (1/1) D:5            Lair (6/6) D:11
 Shoals (4/4) Lair:4        Snake (4/4) Lair:2        Slime (5/5) Lair:6
    Orc (2/2) D:10            Elf (3/3) Orc:2        Vaults (5/5) D:13
  Crypt (3/3) Vaults:2       Tomb (0/3) Crypt:3      Depths (5/5) D:15
   Hell (visited)             Dis (0/7) Hell            Geh (0/7) Hell
    Coc (7/7) Hell            Tar (0/7) Hell            Zot (0/5) Depths:5
Ossuary (visited)           IceCv (visited)

Altars:
Ashenzari
Cheibriados
Dithmenos
Elyvilon
Fedhas
Gozag
Hepliaklqana
Kikubaaqudgha
Makhleb
Nemelex Xobeh
Okawaru
Ru
Sif Muna
Trog
Vehumet
Wu Jian
Xom
Yredelemnul
Zin
The Shining One

Shops:
D:4 (   D:6 (   D:7 *   D:15 *   Orc:2 }*[!   Elf:2 *   Elf:3 =   Snake:1 :=
Snake:3 ==}   Vaults:2 :   Vaults:5 }   Depths:1 *   Depths:2 }

Portals:
Hell: Depths:1 Depths:2 Depths:3 Depths:4 Depths:5
Abyss: Depths:4 Depths:5
Pandemonium: Depths:1 Depths:3
Ziggurat: Depths:2

Annotations:
Pan Gloorx Vloq


Innate Abilities, Weirdness & Mutations

You reflexively headbutt those who attack you in melee.
You have a pair of horns on your head.
You have sharp toenails.
You tend to lose your temper in combat.
Scrolls take you a little longer to read.
Armour fits poorly on your strangely shaped body.
Your body sometimes deteriorates upon taking damage.
Your flesh is heat resistant. (rF+)
You are resistant to hostile enchantments. (MR+)
Your natural rate of healing is unusually fast.
You occasionally shout uncontrollably at your foes.
You are covered in fur. (AC +1)
Potions are less effective at restoring your health.


Message History

Terrible wounds open up all over your body!
* * * LOW HITPOINT WARNING * * *
The Executioner hits you!
* * * LOW HITPOINT WARNING * * *
The Executioner hits you but does no damage. x5
You feel sick.
The Executioner hits you but does no damage.
You block the Executioner's attack. The Executioner barely misses you.
You block the Executioner's attack. x2
The Executioner hits you but does no damage. x3
The Executioner hits you.
* * * LOW HITPOINT WARNING * * *
The neqoxec gestures.
The curse skull calls on the powers of darkness!
Your body is wracked with pain!
* * * LOW HITPOINT WARNING * * *
Gloorx Vloq gestures at you.
The foul vapour engulfs the Executioner.
The Executioner completely resists.
The Executioner hits you.
You die...

### #.## #####
##.###.#(##########
##.##............#
##.#.##.#.#####.# ##...#...#
#.# #######.○○○..# #.#
#....&§§○1@..# #.#
#.##.#.#○11..# #.#
#######.###WzW..# #.#
#....##.###.......W#####.#
..........##...2!W.1...#.#
#.........#.#.M.3.M....#.#
#.......$..###....5....#.#####
.................∩......W....#
#.........######.#.....#.###.#


You could see Gloorx Vloq (poisoned), a cacodemon, 4 Executioners, a flayed
ghost (summoned), a curse skull, a phantasmal warrior (summoned), 2 freezing
wraiths, a sixfirhy, a neqoxec, 2 mummies and a crimson imp (summoned).

Vanquished Creatures
  Cerebov (Pan)
  Antaeus (Coc:7)
  A seraph (Pan)
  Mennas (Pan)
  4 ancient liches
  Mara (Depths:2)
  2 juggernauts
  Sojobo (Depths:1)
  Bai Suzhen (Elf:3)
  Boris (Depths:3)
  17 shard shrikes
  Frederick (Crypt:2)
  2 curse toes (Crypt:3)
  Margery (Depths:5)
  Geryon (Hell)
  3 pandemonium lords (Pan)
  A golden dragon (Depths:5)
  Jory (Vaults:3)
  2 pearl dragons (Pan)
  7 bone dragons
  A Tzitzimitl (Depths:4)
  A hellephant (Pan)
  8 liches
  5 Brimstone Fiends (Pan)
  Jorgrun (Elf:2)
  A shard shrike skeleton (Crypt:2)
  16 Ice Fiends
  6 tentacled monstrosities
  The ghost of Ybunonosch the Genius of the Arcane, an adept DsIE of Sif Muna (Elf:2)
  4 deep elf blademasters
  9 deep elf master archers
  2 quicksilver dragons
  13 titans
  9 acid blobs
  A kraken (Shoals:3)
  An eldritch tentacle (Abyss:3)
  Agnes (D:15)
  Polyphemus (Shoals:3)
  2 ancient champions (Crypt:3)
  5 sphinxes
  A tentacled starspawn (Abyss:3)
  9 tengu reavers
  24 Executioners (Pan)
  A revenant (Crypt:1)
  6 shadow dragons
  The ghost of drasked the Acrobat, an adept SpEn of Gozag (Elf:2)
  Donald (Crypt:1)
  6 storm dragons
  8 nagarajas (Snake:4)
  Ilsuiw (Shoals:4)
  7 azure jellies
  4 daevas
  2 draconian knights (Depths:5)
  10 deep elf sorcerers
  25 fire giants
  3 iron dragons
  14 balrugs
  28 frost giants
  2 warmongers (Pan)
  2 draconian scorchers (Depths:5)
  7 cacodemons
  15 vault wardens
  5 curse skulls
  4 deep elf elementalists
  23 angels
  Aizul (Snake:4)
  2 orc warlords
  8 ghouls
  A caustic shrike zombie (Depths:4)
  A caustic shrike skeleton (Depths:4)
  A stone giant (shapeshifter) (Vaults:5)
  3 blood saints (Pan)
  An entropy weaver (Vaults:4)
  2 war gargoyles
  21 reapers
  14 ironheart preservers
  2 juggernaut skeletons
  2 elemental wellsprings
  23 stone giants
  22 very ugly things
  2 spriggan defenders (Depths:3)
  2 vampire knights
  24 apis (Pan)
  3 corrupters (Pan)
  14 ophanim (Pan)
  2 green draconians (Depths:5)
  2 black suns (Pan)
  15 deep elf annihilators
  5 purple draconians
  Nessos (Lair:4)
  13 deep elf demonologists
  8 lorocyprocas
  A spark wasp (Depths:3)
  6 black draconians
  A red draconian (Crypt:2)
  2 white draconians (Crypt:2)
  18 blizzard demons
  4 green deaths (Pan)
  3 eidola
  6 ettins
  3 quicksilver dragon zombies
  7 fire dragons
  15 deep elf death magi
  Snorg (Lair:5)
  9 death oozes (Slime:5)
  2 crystal guardians
  5 jiangshi
  6 merfolk impalers
  7 merfolk javelineers
  22 yaktaur captains
  10 great orbs of eyes
  3 deep elf high priests
  30 vault guards
  4 kraken zombies
  5 rakshasas
  3 quicksilver dragon skeletons
  22 naga warriors
  3 hydras
  Fannar (Orc:1)
  30 ice dragons
  3 monstrous demonspawn (Pan)
  10 anacondas
  2 spriggan air magi (Depths:5)
  3 hell beasts (Pan)
  A catoblepas (Shoals:3)
  2 juggernaut simulacra (Depths:4)
  15 centaur warriors
  7 merfolk avatars
  4 death knights
  10 ogre magi
  33 two-headed ogres
  10 death yaks
  A satyr (Shoals:4)
  15 deep troll earth magi
  5 merfolk aquamancers (Shoals:4)
  5 vampire magi
  5 hell hogs
  5 orc high priests
  10 deep troll shamans
  2 tengu warriors
  30 dancing weapons
  4 titan zombies
  3 thrashing horrors (Abyss:3)
  3 spriggan berserkers (Depths:3)
  A storm dragon zombie (Coc:3)
  11 naga sharpshooters
  32 sun demons
  5 shock serpents
  Sonja (Lair:3)
  36 deep elf knights
  24 hell knights
  A fire crab (Lair:6)
  An iron golem (Hell)
  3 iron trolls
  28 soul eaters
  53 skeletal warriors
  4 storm dragon skeletons
  2 salamander mystics (Snake:4)
  10 shadow wraiths
  4 spark wasp zombies
  13 sixfirhies
  38 deep trolls
  A quicksilver dragon simulacrum (Depths:4)
  5 titan skeletons
  An unseen horror (D:14)
  5 wizards
  2 ghost moth zombies
  12 sea snakes
  12 anaconda zombies
  5 gelid demonspawn
  2 flayed ghosts
  A kraken simulacrum (Coc:7)
  3 torturous demonspawn (Pan)
  3 infernal demonspawn
  15 naga ritualists
  5 glowing orange brains
  16 cherubim (Pan)
  A deep troll (shapeshifter) (Depths:5)
  3 shadow demons (Pan)
  3 phantasmal warriors
  2 golden dragon zombies
  32 deep elf archers
  4 golden dragon skeletons
  13 harpies
  2 sphinx zombies
  A wolf spider zombie (D:14)
  A shadow dragon zombie (Coc:2)
  31 large abominations
  12 ironbrand convokers
  21 orc knights
  3 tengu zombies
  6 anaconda skeletons
  A lindwurm (Lair:5)
  An orb spider (shapeshifter) (Vaults:1)
  3 iron dragon zombies
  11 mana vipers
  14 necromancers
  3 fire giant zombies
  Pikel (D:7)
  40 ugly things
  2 oklob plants
  5 wolf spiders
  A stone giant zombie (Hell)
  A wolf spider (shapeshifter) (Vaults:5)
  8 frost giant zombies
  2 mana vipers (shapeshifter) (Vaults:5)
  11 orc sorcerers
  14 manticores
  4 fauns
  87 deep elf magi
  9 elephants
  A moth of wrath (shapeshifter) (D:15)
  6 cyclopes
  6 shining eyes
  3 shadow dragon skeletons
  2 sphinx skeletons
  An iron dragon skeleton (Coc:4)
  Joseph (D:7)
  4 frost giant skeletons
  14 salamanders
  5 fire giant skeletons
  52 black mambas
  11 merfolk sirens
  22 smoke demons
  9 rust devils
  2 torpor snails
  5 guardian serpents
  3 dire elephant zombies
  2 eyes of devastation
  2 stone giant skeletons (Coc:3)
  10 orange demons
  22 naga magi
  A torpor snail (shapeshifter) (Vaults:5)
  4 titan simulacra (Coc:7)
  9 vault sentinels
  A gargoyle (D:10)
  4 water nymphs
  2 molten gargoyles (Lair:5)
  3 ice statues
  10 cane toads
  4 storm dragon simulacra
  2 catoblepas zombies
  2 emperor scorpion zombies (Crypt:2)
  A spriggan zombie (Hell)
  5 yaktaur zombies
  48 yaktaurs
  7 anaconda simulacra
  3 efreet
  3 kobold demonologists (D:14)
  2 hellions
  12 komodo dragons
  12 tormentors
  10 demonic crawlers
  A dire elephant skeleton (Crypt:3)
  40 freezing wraiths
  4 guardian mummies (Crypt:3)
  A rime drake (shapeshifter) (Depths:2)
  32 ice devils
  15 hellwings
  6 red devils
  A golden dragon simulacrum (Depths:4)
  A jumping spider (shapeshifter) (Vaults:3)
  2 spriggan skeletons
  6 tengu conjurers
  A queen bee (Lair:2)
  A harpy zombie (Coc:6)
  31 merfolk
  3 meliai (shapeshifter)
  The ghost of rasy the Chopper, an amateur MiFi (D:3)
  A troll (shapeshifter) (Vaults:4)
  8 hornets
  16 hydra zombies
  3 trolls
  3 polar bears (Lair:6)
  The ghost of Mitsuki the Insei, an amateur GnTm (D:3)
  2 harpy skeletons
  3 shadow dragon simulacra
  4 ice dragon zombies
  4 hydra skeletons
  23 blink frogs
  The ghost of Rhoefr4077 the Shield-Bearer, an amateur OpFi (D:3)
  5 bog bodies
  8 alligator zombies
  3 fire dragon zombies
  A frost giant simulacrum (Vaults:1)
  An ettin zombie (Coc:1)
  2 hippogriffs (shapeshifter)
  73 slime creatures
  16 dream sheep
  16 hippogriffs
  16 snapping turtles
  2 raiju (shapeshifter)
  A stone giant simulacrum (Crypt:2)
  The ghost of ANON1729 the Sneak, an amateur KoBr (D:3)
  A slime creature (shapeshifter) (Vaults:5)
  2 alligator skeletons
  64 flying skulls
  16 spriggans
  7 ynoxinuls (Pan)
  A tarantella (Vaults:4)
  7 wraiths
  A redback (Vaults:4)
  5 air elementals
  5 wyverns
  An elf simulacrum (Depths:4)
  A basilisk (shapeshifter) (Elf:2)
  4 basilisks
  A dire elephant simulacrum (Crypt:1)
  10 shadows
  3 ettin skeletons
  4 ice dragon skeletons
  A spriggan simulacrum (Depths:2)
  33 yaks
  25 water elementals
  A human (shapeshifter) (Vaults:4)
  9 fire elementals
  9 golden eyes (Slime:2)
  3 vampire mosquitoes (D:14)
  A steam dragon (shapeshifter) (Vaults:5)
  6 chaos spawn (Pan)
  A harpy simulacrum (Crypt:3)
  9 neqoxecs
  A yaktaur simulacrum (Vaults:1)
  A gelid demonspawn zombie (Crypt:3)
  48 nagas
  4 small abominations
  A warg (shapeshifter) (Vaults:2)
  3 soldier ants (shapeshifter)
  5 acid dragons
  8 hydra simulacra
  7 wargs
  15 water moccasins
  A soldier ant (D:13)
  2 floating eyes (Depths:3)
  11 hell hounds
  6 cane toad skeletons
  4 black bears
  18 ice beasts
  2 merfolk skeletons
  12 porcupines
  15 cane toad zombies
  2 alligator simulacra
  A sky beast (D:9)
  5 phantoms
  44 orc warriors
  7 necrophages
  A swamp drake (D:11)
  A manticore zombie (Coc:5)
  An elephant zombie (Crypt:1)
  An eye of draining (shapeshifter) (Elf:2)
  2 eyes of draining
  2 snapping turtle zombies (Coc:3)
  A fire dragon simulacrum (Coc:3)
  A hog zombie (Crypt:3)
  33 ogres
  5 swamp dragon zombies
  24 wolves
  6 snapping turtle skeletons
  17 boggarts
  2 manticore skeletons
  29 centaurs
  A swamp dragon skeleton (Coc:4)
  A lemure (D:7)
  11 crocodiles
  6 big kobolds
  A rime drake zombie (Crypt:2)
  2 elf zombies
  A big kobold (shapeshifter) (Vaults:1)
  A gnoll sergeant (D:6)
  14 bullfrogs
  An ogre simulacrum (Vaults:1)
  A cane toad simulacrum (Coc:1)
  An elf skeleton (Coc:2)
  2 earth elementals
  A wyvern skeleton (D:11)
  9 scorpions
  27 killer bees
  A yak zombie (Crypt:1)
  A snapping turtle simulacrum (Coc:3)
  50 wights
  3 howler monkeys (D:12)
  2 electric eels
  2 troll skeletons
  4 lava snakes (Lair:5)
  6 centaur zombies
  7 starcursed masses
  A quasit (Abyss:3)
  9 hounds
  A human simulacrum (Vaults:1)
  4 jellies
  A bullfrog zombie (D:6)
  2 centaur skeletons
  7 human zombies (Ossuary)
  23 orc priests
  A bullfrog skeleton (D:10)
  A gnoll shaman (D:10)
  2 iron imps
  Ijyb (D:2)
  A black bear skeleton (Crypt:1)
  4 iguanas
  34 orc wizards
  7 hell rats (Hell)
  15 worker ants
  A felid zombie (Crypt:3)
  A naga zombie (Coc:7)
  A felid skeleton (Crypt:1)
  5 mummies
  A howler monkey zombie (Crypt:1)
  Robin (D:4)
  3 howler monkey skeletons
  16 adders
  19 gnolls
  A swamp drake skeleton (Crypt:1)
  2 shadow imps
  9 white imps
  An ufetubus (D:10)
  2 oozes (D:5)
  An adder zombie (Crypt:2)
  4 adder skeletons
  5 worms
  A ball lightning (Pan)
  A barachi zombie (Crypt:3)
  A dart slug (D:3)
  6 leopard geckos
  125 orcs
  5 giant cockroaches
  17 goblins
  11 hobgoblins
  13 jackals
  22 kobolds
  5 quokkas
  2 ball pythons
  6 bats
  4 frilled lizards
  A giant cockroach zombie (D:6)
  A hobgoblin skeleton (Crypt:1)
  A kobold skeleton (Crypt:2)
  A leopard gecko skeleton (D:6)
  A leopard gecko zombie (D:6)
  An orc zombie (Crypt:2)
  3 quokka zombies
  3 rats
  A river rat skeleton (Crypt:1)
  6 fungi
  25 plants
  7 tentacles
3548 creatures vanquished.

Vanquished Creatures (collateral kills)
  the Royal Jelly (Slime:5)
  A bone dragon (Coc:3)
  3 Ice Fiends
  Murray (Hell)
  3 acid blobs (Slime:5)
  A lich (Pan)
  2 Executioners (Pan)
  An ancient champion (Crypt:3)
  A warmonger (Pan)
  4 azure jellies (Slime:5)
  A balrug (Pan)
  A curse skull (Pan)
  An angel (Pan)
  A stone giant (Vaults:5)
  4 reapers
  A deep elf annihilator (Pan)
  3 death oozes (Slime:5)
  2 deep elf death magi
  A green death (Pan)
  2 blizzard demons
  A great orb of eyes (Slime:5)
  2 ice dragons (Coc:7)
  A rakshasa (Pan)
  A deep troll shaman (Depths:4)
  A hell knight (Hell)
  An iron golem (Hell)
  A sun demon (Pan)
  An iron troll (Hell)
  A titan skeleton (Depths:4)
  A deep troll (Depths:4)
  2 skeletal warriors (Coc:3)
  A glowing orange brain (Pan)
  A quicksilver dragon simulacrum (Depths:4)
  A golden dragon zombie (Depths:4)
  A shadow demon (Pan)
  A necromancer (Depths:4)
  A tengu zombie (Hell)
  An orc knight (Vaults:4)
  A fire giant zombie (Coc:3)
  A salamander (shapeshifter) (Depths:2)
  A deep elf mage (Crypt:2)
  An iron dragon skeleton (Depths:4)
  A smoke demon (Hell)
  An orange demon (Hell)
  2 yaktaurs
  An ice devil (Coc:7)
  2 hellwings (Pan)
  A red devil (Hell)
  A harpy zombie (Coc:3)
  9 slime creatures
  3 flying skulls
  A ynoxinul (Abyss:3)
  A water elemental (Depths:4)
  A fire elemental (Hell)
  A chaos spawn (Pan)
  A deep troll zombie (Crypt:1)
  A hell hound (Hell)
  An orc warrior (Vaults:4)
  An orc priest (Vaults:4)
88 creatures vanquished.

Vanquished Creatures (others)
  A lich (Depths:2)
  A deep elf annihilator (Elf:3)
  A rakshasa (Pan)
  A hell hog (Hell)
  A deep elf knight (Depths:3)
  A glowing orange brain (Pan)
  A naga mage (Snake:4)
  A black mamba (Snake:4)
  A flying skull (Coc:7)
  A fire bat (shapeshifter) (Vaults:5)
  An ogre (Depths:2)
  A boggart (Depths:3)
  A lava snake (Lair:5)
  An orc priest (Orc:2)
  31 ball lightnings (Pan)
  A block of ice (Pan)
  5 fungi
  18 plants
  7 starspawn tentacles
  25 tentacles
  2 withered plants (D:3)
103 creatures vanquished.

Grand Total: 3739 creatures vanquished

Notes
Turn   | Place    | Note
-------+----------+-------------------------------------------
     0 | D:1      | rasy the Minotaur Fighter began the quest for the Orb.
     0 | D:1      | Reached XP level 1. HP: 19/19 MP: 0/0
   356 | D:1      | Reached XP level 2. HP: 26/26 MP: 1/1
   775 | D:2      | Reached XP level 3. HP: 7/31 MP: 2/2
  1083 | D:2      | Reached skill level 5 in Axes
  1129 | D:2      | Reached XP level 4. HP: 39/39 MP: 3/3
  1368 | D:2      | Found a faded altar of an unknown god.
  1521 | D:2      | Noticed Ijyb
  1542 | D:2      | Killed Ijyb
  1613 | D:2      | Found a glowing golden altar of the Shining One.
  2006 | D:3      | Reached XP level 5. HP: 44/45 MP: 4/4
  2045 | D:3      | Found a runed translucent gate.
  2047 | D:3      | Found a runed translucent gate.
  2047 | D:3      | Noticed Rhoefr4077's ghost (amateur OpFi)
  2047 | D:3      | Noticed rasy's ghost (amateur MiFi)
  2048 | D:3      | Noticed Mitsuki's ghost (amateur GnTm)
  2048 | D:3      | Noticed ANON1729's ghost (amateur KoBr)
  2049 | D:3      | Found a runed translucent gate.
  2075 | D:3      | Killed rasy's ghost
  2075 | D:3      | Reached XP level 6. HP: 9/51 MP: 5/5
  2995 | D:3      | Killed Rhoefr4077's ghost
  2995 | D:3      | Reached XP level 7. HP: 31/57 MP: 6/6
  3000 | D:3      | Killed Mitsuki's ghost
  3000 | D:3      | Reached skill level 10 in Axes
  3012 | D:3      | Killed ANON1729's ghost
  3034 | D:3      | HP: 2/57 [poisoned by Mitsuki's ghost]
  3482 | D:4      | Reached XP level 8. HP: 64/64 MP: 7/7
  3616 | D:4      | Found Ligiseorph's Antique Weapon Emporium.
  3735 | D:4      | Bought a runed hand axe for 150 gold pieces
  3839 | D:4      | Noticed Robin
  3848 | D:4      | Killed Robin
  4202 | D:4      | Found a radiant altar of Vehumet.
  4421 | D:5      | Entered Level 5 of the Dungeon
  4495 | D:5      | Reached XP level 9. HP: 46/70 MP: 8/8
  4503 | D:5      | Found a sand-covered staircase.
  4516 | Ossuary  | Entered an ossuary
  4890 | D:5      | Reached skill level 1 in Evocations
  5072 | D:5      | Found a staircase to the Ecumenical Temple.
  5152 | Temple   | Entered the Ecumenical Temple
  5405 | Temple   | Became a worshipper of Warmaster Okawaru
  5559 | D:5      | Reached skill level 5 in Shields
  5579 | D:5      | Reached skill level 1 in Invocations
  5993 | D:6      | Found Icucrul's Antique Weapon Emporium.
  6177 | D:6      | Bought a morningstar for 92 gold pieces
  6302 | D:6      | Reached skill level 5 in Fighting
  6302 | D:6      | Reached skill level 5 in Armour
  6387 | D:6      | Reached * piety under Okawaru
  6622 | D:6      | Found a sacrificial altar of Ru.
  6998 | D:7      | Reached XP level 10. HP: 61/81 MP: 9/11
  7001 | D:7      | Noticed Joseph
  7017 | D:7      | Killed Joseph
  7145 | D:7      | Noticed Pikel
  7153 | D:7      | Killed Pikel
  7153 | D:7      | Reached ** piety under Okawaru
  7211 | D:7      | Found Kepn's General Store.
  7394 | D:7      | Found a sparkling altar of Nemelex Xobeh.
  7675 | D:8      | Noticed an angel
  7689 | D:8      | Found a glowing silver altar of Zin.
  7689 | D:8      | Found a shimmering altar of Xom.
  8292 | D:8      | Found a white marble altar of Elyvilon.
  8434 | D:9      | Found a snail-covered altar of Cheibriados.
  8461 | D:9      | Noticed a two-headed ogre
  8469 | D:9      | Killed a two-headed ogre
  8469 | D:9      | Reached *** piety under Okawaru
  8681 | D:9      | Got a transparent dire flail
  8682 | D:9      | Identified the +6 dire flail "Earthworm" {holy, rElec rPois
                  | rF++} (You found it on level 9 of the Dungeon)
  9158 | D:10     | Entered Level 10 of the Dungeon
  9176 | D:10     | Reached **** piety under Okawaru
  9176 | D:10     | Reached XP level 11. HP: 92/92 MP: 13/13
  9209 | D:10     | Reached skill level 10 in Shields
  9215 | D:10     | Reached skill level 5 in Invocations
  9250 | D:10     | Got a wavering pewter ring
  9262 | D:10     | Noticed a two-headed ogre
  9273 | D:10     | Killed a two-headed ogre
  9360 | D:10     | Found a staircase to the Orcish Mines.
  9471 | D:10     | Identified the ring "Qexax" {rF+ Str+3 Dex+7} (You found it
                  | on level 10 of the Dungeon)
  9498 | D:10     | Reached ***** piety under Okawaru
  9601 | D:10     | Noticed a two-headed ogre
  9608 | D:10     | Killed a two-headed ogre
  9608 | D:10     | Received a gift from Okawaru
  9784 | Orc:1    | Entered Level 1 of the Orcish Mines
  9802 | Orc:1    | Noticed an orc knight
  9831 | Orc:1    | Killed an orc knight
 10173 | Orc:1    | Noticed an orc sorcerer
 10173 | Orc:1    | Paralysed by an orc sorcerer for 5 turns
 10185 | Orc:1    | Killed an orc sorcerer
 10359 | Orc:1    | Noticed Fannar
 10368 | Orc:1    | Killed Fannar
 10395 | Orc:1    | Reached skill level 10 in Fighting
 10810 | Orc:1    | Noticed a deep elf mage
 10811 | Orc:1    | Noticed a deep elf knight
 10811 | Orc:1    | Noticed an orc sorcerer
 10812 | Orc:1    | Noticed an orc high priest
 10813 | Orc:1    | Noticed an orc warlord
 10817 | Orc:1    | Noticed an orc sorcerer
 10821 | Orc:1    | Killed a deep elf mage
 10821 | Orc:1    | Reached skill level 10 in Armour
 10822 | Orc:1    | Killed a deep elf knight
 10828 | Orc:1    | Reached XP level 12. HP: 52/107 MP: 8/16
 11434 | Orc:1    | Killed an orc high priest
 11455 | Orc:1    | Killed an orc warlord
 11613 | Orc:2    | Entered Level 2 of the Orcish Mines
 11654 | Orc:2    | HP: 4/110 [orc knight/+1 dire flail (24)]
 11661 | Orc:2    | Received a gift from Okawaru
 12096 | Orc:2    | Found a staircase to the Elven Halls.
 12385 | Orc:2    | Noticed an orc high priest
 12389 | Orc:2    | Killed an orc high priest
 12389 | Orc:2    | Noticed an orc high priest
 12390 | Orc:2    | Noticed an orc high priest
 12403 | Orc:2    | Killed an orc high priest
 12853 | Orc:2    | Noticed a stone giant
 12864 | Orc:2    | Killed a stone giant
 12864 | Orc:2    | Received a gift from Okawaru
 13047 | Orc:2    | Reached XP level 13. HP: 52/122 MP: 10/17
 13060 | Orc:2    | Found Obideheso's Distillery.
 13060 | Orc:2    | Found Fueheq's Gadget Shoppe.
 13599 | Orc:2    | Found Kurieky's Antique Armour Boutique.
 13599 | Orc:2    | Found Bizohujea's Assorted Antiques.
 13607 | Orc:2    | Bought a glowing cloak for 165 gold pieces
 13620 | Orc:2    | Bought a pair of shimmering gloves for 332 gold pieces
 13620 | Orc:2    | Bought a scroll of identify for 70 gold pieces
 13636 | Orc:2    | Identified the +2 pair of gloves "Biviu" {rC+ rN++} (You
                  | bought it in a shop on level 2 of the Orcish Mines)
 13637 | Orc:2    | Bought a scroll of remove curse for 105 gold pieces
 13637 | Orc:2    | Bought a scroll labeled JAYT SAALONUA for 35 gold pieces
 13637 | Orc:2    | Bought a scroll of identify for 70 gold pieces
 13637 | Orc:2    | Bought a scroll of magic mapping for 122 gold pieces
 13637 | Orc:2    | Bought a scroll of enchant weapon for 262 gold pieces
 14146 | D:11     | Found a staircase to the Lair.
 14545 | D:12     | Received a gift from Okawaru
 15119 | D:12     | Found a transporter.
 15428 | D:12     | Found a transporter.
 15555 | D:13     | Found a gate to the Vaults.
 15570 | D:13     | Received a gift from Okawaru
 15588 | D:13     | Reached skill level 15 in Fighting
 15588 | D:13     | Reached skill level 15 in Armour
 16484 | D:14     | Reached ****** piety under Okawaru
 16484 | D:14     | Reached XP level 14. HP: 110/135 MP: 18/18
 18193 | D:15     | Entered Level 15 of the Dungeon
 18204 | D:15     | Received a gift from Okawaru
 18340 | D:15     | Found Rangon's Assorted Antiques.
 18441 | D:15     | Noticed Agnes
 18455 | D:15     | Killed Agnes
 18455 | D:15     | Received a gift from Okawaru
 19339 | D:15     | Found a staircase to the Depths.
 19344 | D:15     | Received a gift from Okawaru
 19659 | Lair:1   | Entered Level 1 of the Lair of Beasts
 19699 | Lair:1   | Reached XP level 15. HP: 147/147 MP: 19/19
 20529 | Lair:2   | Found a staircase to the Snake Pit.
 22069 | Lair:3   | Noticed Sonja
 22077 | Lair:3   | Killed Sonja
 22769 | Lair:4   | Got a jewelled long sword
 22770 | Lair:4   | Identified the cursed +0 long sword of Lies {vorpal, Str+5}
                  | (You found it on level 4 of the Lair of Beasts)
 22793 | Lair:4   | Noticed Nessos
 22803 | Lair:4   | Killed Nessos
 22874 | Lair:4   | Received a gift from Okawaru
 22899 | Lair:4   | Found a staircase to the Shoals.
 23361 | Lair:5   | Reached skill level 15 in Axes
 23601 | Lair:5   | Noticed Snorg
 23612 | Lair:5   | Killed Snorg
 23614 | Lair:5   | Identified a scroll of acquirement
 23617 | Lair:5   | Acquired a manual of Axes
 24251 | Lair:6   | Entered Level 6 of the Lair of Beasts
 24341 | Lair:6   | Received a gift from Okawaru
 24673 | Lair:6   | Found a frozen archway.
 24688 | IceCv    | Entered an ice cave
 24739 | IceCv    | Found a transporter.
 24759 | IceCv    | Found a transporter.
 24815 | IceCv    | Got a bound turquoise ring
 24838 | IceCv    | Identified the ring of Nyxkim {rElec Slay+2 SInv Stlth+}
                  | (You found it in an ice cave)
 24900 | Lair:6   | Received a gift from Okawaru
 24902 | Lair:6   | Reached XP level 16. HP: 153/158 MP: 20/20
 25285 | Lair:6   | Found a staircase to the Slime Pits.
 26291 | Shoals:1 | Entered Level 1 of the Shoals
 26346 | Shoals:1 | Received a gift from Okawaru
 27445 | Shoals:2 | Reached skill level 1 in Dodging
 28548 | Shoals:3 | Received a gift from Okawaru
 28555 | Shoals:3 | Noticed Polyphemus
 28575 | Shoals:3 | Killed Polyphemus
 29040 | Shoals:3 | Noticed a kraken
 29067 | Shoals:3 | Killed a kraken
 29176 | Shoals:4 | Entered Level 4 of the Shoals
 29529 | Shoals:4 | Reached XP level 17. HP: 160/168 MP: 21/21
 29620 | Shoals:4 | Received a gift from Okawaru
 29724 | Shoals:4 | Got a barnacled rune of Zot
 29763 | Shoals:4 | Reached skill level 5 in Dodging
 29833 | Shoals:4 | Noticed Ilsuiw
 29885 | Shoals:4 | Killed Ilsuiw
 29920 | Shoals:4 | Received a gift from Okawaru
 30521 | Shoals:4 | Got a warped war axe
 30522 | Shoals:4 | Identified the cursed +0 war axe of Extinguishment {vorpal,
                  | rF+} (You found it on level 4 of the Shoals)
 30714 | Snake:1  | Entered Level 1 of the Snake Pit
 30794 | Snake:1  | Got a faintly humming ring mail
 30795 | Snake:1  | Identified the +3 ring mail "Inkaina" {+Fly Dex+4} (You
                  | found it on level 1 of the Snake Pit)
 30810 | Snake:1  | Found Hoepred's Book Shoppe.
 30935 | Snake:1  | Reached skill level 15 in Shields
 31184 | Snake:1  | Found Veun's Jewellery Emporium.
 31360 | Snake:2  | Received a gift from Okawaru
 31769 | Snake:2  | Received a gift from Okawaru
 32709 | Snake:3  | Reached XP level 18. HP: 178/178 MP: 22/22
 32801 | Snake:3  | Found Ryfautiz's Jewellery Boutique.
 32802 | Snake:3  | Found Saxem's Gadget Shoppe.
 32803 | Snake:3  | Found Tuec's Jewellery Boutique.
 33442 | Snake:4  | Entered Level 4 of the Snake Pit
 33471 | Snake:4  | Received a gift from Okawaru
 33682 | Snake:4  | Noticed Aizul
 33693 | Snake:4  | Killed Aizul
 34499 | Snake:4  | Identified the +3 bardiche of Propriety {vorpal, rPois
                  | Int-4 Dex+2}
 34567 | Snake:4  | Reached skill level 10 in Dodging
 34985 | Snake:4  | Got a serpentine rune of Zot
 34999 | Snake:4  | Received a gift from Okawaru
 35002 | Snake:4  | Got a slimy chain mail {god gift}
 35353 | Snake:4  | Identified the +7 chain mail "Kasedatu" {rElec rPois rF+
                  | Str+4} (Okawaru gifted it to you on level 4 of the Snake
                  | Pit)
 35456 | Snake:4  | Reached XP level 19. HP: 185/185 MP: 23/23
 35860 | Vaults:1 | Entered Level 1 of the Vaults
 36008 | Elf:1    | Entered Level 1 of the Elven Halls
 36207 | Elf:1    | You fall into a shaft and drop 1 floor!
 36411 | Elf:2    | Found a huge runed translucent gate.
 36411 | Elf:2    | Found a huge runed translucent gate.
 36411 | Elf:2    | Found a huge runed translucent gate.
 36413 | Elf:2    | Found a huge runed translucent gate.
 36415 | Elf:2    | Found a huge runed translucent gate.
 36491 | Elf:1    | You fall into a shaft and drop 1 floor!
 36603 | Elf:2    | Found a radiant altar of Vehumet.
 36761 | Elf:2    | Found Muerph Gympe's Assorted Antiques.
 36781 | Elf:2    | Bought a fading chain mail for 294 gold pieces
 36781 | Elf:2    | Acquired 3670 gold pieces
 36783 | Elf:2    | Identified the +5 chain mail "Lefif" {Harm rElec rC+} (You
                  | bought it in a shop on level 2 of the Elven Halls)
 36934 | Elf:2    | Found a runed translucent gate.
 36934 | Elf:2    | Found a runed translucent gate.
 36934 | Elf:2    | Found a runed translucent gate.
 36936 | Elf:2    | Noticed drasked's ghost (adept SpEn)
 36936 | Elf:2    | Noticed Ybunonosch's ghost (adept DsIE)
 37220 | Elf:2    | Noticed Jorgrun
 37241 | Elf:2    | Killed Jorgrun
 37570 | Elf:2    | Received a gift from Okawaru
 37658 | Elf:2    | Got a pair of pitted gloves {god gift}
 37762 | Elf:2    | Killed Ybunonosch's ghost
 37777 | Elf:2    | Killed drasked's ghost
 37813 | Elf:2    | Got a brightly glowing brass amulet
 37814 | Elf:2    | Identified the +0 pair of gloves "Ninaen" {rPois MR- rCorr}
                  | (Okawaru gifted it to you on level 2 of the Elven Halls)
 37815 | Elf:2    | Identified the amulet "Reicawel" {rElec rN+ Regen+ Slay-6}
                  | (You found it on level 2 of the Elven Halls)
 37818 | Elf:2    | Reached XP level 20. HP: 193/193 MP: 24/24
 37885 | Elf:3    | Entered Level 3 of the Elven Halls
 38163 | Elf:3    | Cast into level 3 of the Abyss (a deep elf sorcerer)
 38224 | Elf:3    | Escaped the Abyss
 38276 | Elf:3    | Identified the +2 great sword "Concordance" {elec, rPois
                  | rF+ rC+}
 38283 | Elf:3    | Reached XP level 21. HP: 104/201 MP: 11/25
 38679 | Elf:3    | Received a gift from Okawaru
 38778 | Elf:3    | Identified the Incunabulum of Burning Moulding
 38789 | Elf:3    | Found the +8 orange crystal plate armour {Archmagi, Int+3
                  | Clar}
 38790 | Elf:3    | Identified the cursed +1 robe of Feasting {rF++ Stlth+}
 38793 | Elf:3    | Noticed Bai Suzhen
 38824 | Elf:3    | Killed Bai Suzhen
 38852 | Elf:3    | Found the +5 robe of Night {Dark MR+ SInv}
 39369 | Elf:3    | Found Lyopsom's Jewellery Emporium.
 40190 | Elf:1    | Received a gift from Okawaru
 41487 | Elf:1    | Received a gift from Okawaru
 42181 | Snake:1  | Bought a book of Minor Magic for 320 gold pieces
 42373 | Orc:2    | Bought a potion of heal wounds for 80 gold pieces
 42373 | Orc:2    | Bought a potion of haste for 160 gold pieces
 42373 | Orc:2    | Bought a potion of heal wounds for 80 gold pieces
 42373 | Orc:2    | Bought 2 potions of haste for 320 gold pieces
 42373 | Orc:2    | Bought a potion of curing for 48 gold pieces
 42376 | Orc:2    | Learned a level 2 spell: Blink
 42378 | Orc:2    | Learned a level 1 spell: Apportation
 42727 | Vaults:1 | Reached skill level 1 in Translocations
 43530 | Vaults:2 | Received a gift from Okawaru
 43658 | Vaults:2 | Found Agammez's Book Emporium.
 43982 | Vaults:2 | Reached skill level 5 in Translocations
 43986 | Vaults:2 | Reached skill level 1 in Spellcasting
 44204 | Vaults:2 | Found a staircase to the Crypt.
 44204 | Vaults:2 | Found a basalt altar of Yredelemnul.
 44205 | Vaults:2 | Found an ancient bone altar of Kikubaaqudgha.
 44516 | Vaults:3 | Reached XP level 22. HP: 209/209 MP: 18/26
 44750 | Vaults:3 | Found a flickering gateway to a bazaar.
 44759 | Bazaar   | Entered a bazaar
 44792 | Bazaar   | Found Kiloifezu's Jewellery Shop.
 44796 | Bazaar   | Bought the cursed ring "Jag Luin" {rC+ rN+ MR+ EV-4 Int+3}
                  | for 266 gold pieces
 44838 | Bazaar   | Found Quplaeva's Antique Armour Shoppe.
 44844 | Bazaar   | Bought a pair of transparent boots for 256 gold pieces
 44851 | Bazaar   | Found Doakoreo's Assorted Antiques.
 44909 | Vaults:3 | Identified the +0 pair of boots "Peweikau" {Harm *Drain
                  | Dex+8} (You bought it in a shop in a bazaar)
 45007 | Vaults:3 | Noticed Jory
 45030 | Vaults:3 | Killed Jory
 45125 | Vaults:3 | Paralysed by a sphinx for 5 turns
 45136 | Vaults:3 | Reached skill level 5 in Spellcasting
 46092 | Vaults:4 | Received a gift from Okawaru
 46095 | Vaults:4 | Got a faintly humming crystal plate armour {god gift}
 46096 | Vaults:4 | Identified the +11 crystal plate armour of Surprise {Dex+3
                  | Stlth+} (Okawaru gifted it to you on level 4 of the Vaults)
 47008 | Vaults:5 | Entered Level 5 of the Vaults
 47051 | Vaults:5 | Received a gift from Okawaru
 47082 | Vaults:5 | Identified the ring "Ilafoq" {rElec rPois rCorr Slay-6
                  | Stlth+}
 47088 | Vaults:5 | Reached XP level 23. HP: 191/220 MP: 27/29
 47247 | Vaults:5 | Got a pair of twisted gloves {god gift}
 47264 | Vaults:5 | Received a gift from Okawaru
 47295 | Vaults:5 | Identified the +0 pair of gloves of Oblivion {Dex+2}
                  | (Okawaru gifted it to you on level 5 of the Vaults)
 47359 | Vaults:5 | Found Ufuis's Gadget Boutique.
 47423 | Vaults:5 | Identified Sif Muna's Catalogue of Displaced Companions
 47446 | Vaults:5 | Identified the ring "Atirhiewk" {rElec MR+}
 48079 | Shoals:3 | Got warped shadow dragon scales {god gift}
 48470 | Vaults:5 | Identified the +4 shadow dragon scales "Ykhet" {-Tele rF+++
                  | Str+2 Stlth++++} (Okawaru gifted it to you on level 3 of
                  | the Shoals)
 48532 | Vaults:5 | Identified the Almanac of Displaced Earth
 48538 | Vaults:5 | Got a fine glass ring
 48790 | Vaults:5 | Identified the ring of Von Umusm {Wiz Int+4 Dex+5 Stlth+}
                  | (You found it on level 5 of the Vaults)
 48832 | Vaults:5 | Got a silver rune of Zot
 49630 | Temple   | Fell from the grace of Okawaru
 49630 | Temple   | Became a worshipper of Makhleb the Destroyer
 49906 | Depths:1 | Entered Level 1 of the Depths
 50043 | Depths:1 | Reached * piety under Makhleb
 50078 | Depths:1 | Found a gateway to Hell.
 50145 | Depths:1 | Reached XP level 24. HP: 226/234 MP: 29/29
 50330 | Depths:1 | Found Veguwih's Elemental Accessories.
 50352 | Depths:1 | Bought a wand of iceblast (11) for 195 gold pieces
 50384 | Depths:1 | Reached skill level 10 in Invocations
 50493 | Depths:1 | Noticed Sojobo
 50516 | Depths:1 | Killed Sojobo
 50517 | Depths:1 | Reached ** piety under Makhleb
 50617 | Depths:1 | Found a one-way gate leading to the halls of Pandemonium.
 50620 | Depths:1 | Gained mutation: You occasionally shout uncontrollably at
                  | your foes. [a neqoxec]
 50906 | Depths:2 | Found Upurphasel's Gadget Shoppe.
 51043 | Depths:2 | Reached *** piety under Makhleb
 51243 | Depths:2 | Noticed Mara
 51253 | Depths:2 | Noticed rasy's illusion
 51308 | Depths:2 | Killed Mara
 51577 | Depths:2 | Found a gateway to a ziggurat.
 51690 | Depths:2 | Reached **** piety under Makhleb
 51771 | Depths:2 | Reached skill level 15 in Invocations
 51821 | Depths:2 | Got a scorched wooden ring
 51978 | Depths:2 | Identified the ring of Yzit {+Inv +Fly MR+ Str-5 Dex+4}
                  | (You found it on level 2 of the Depths)
 52371 | Depths:3 | Noticed Boris
 52383 | Depths:3 | Killed Boris
 52462 | Depths:3 | Reached XP level 25. HP: 246/246 MP: 33/33
 52725 | Depths:3 | Reached ***** piety under Makhleb
 53084 | Depths:3 | Noticed a juggernaut
 53106 | Depths:3 | Killed a juggernaut
 53499 | Depths:4 | Found a one-way gate to the infinite horrors of the Abyss.
 53951 | Depths:4 | Found an ancient bone altar of Kikubaaqudgha.
 53951 | Depths:4 | Noticed an ancient lich
 53966 | Depths:4 | Killed an ancient lich
 55063 | Depths:5 | Entered Level 5 of the Depths
 55321 | Depths:5 | Reached skill level 1 in Throwing
 55353 | Depths:5 | Found a gate to the Realm of Zot.
 55432 | Depths:5 | Reached XP level 26. HP: 254/254 MP: 35/35
 56129 | Depths:5 | Noticed Margery
 56140 | Depths:5 | Killed Margery
 56189 | Depths:5 | Noticed a juggernaut
 56210 | Depths:5 | Killed a juggernaut
 56800 | Crypt:1  | Entered Level 1 of the Crypt
 57174 | Crypt:1  | Noticed Donald
 57181 | Crypt:1  | Killed Donald
 58049 | Crypt:2  | Noticed Frederick
 58060 | Crypt:2  | Killed Frederick
 58562 | Crypt:2  | Found the +3 hat of Pondering {ponderous, MR+ MP+10 Int+5}
 59055 | Crypt:3  | Entered Level 3 of the Crypt
 59175 | Crypt:3  | Reached skill level 5 in Throwing
 59708 | Crypt:2  | Was forgiven by Okawaru
 59832 | Crypt:3  | Reached XP level 27. HP: 271/271 MP: 36/36
 60070 | Crypt:3  | Noticed an ancient lich
 60070 | Crypt:3  | Noticed an ancient lich
 60098 | Crypt:3  | Killed an ancient lich
 60101 | Crypt:3  | Killed an ancient lich
 60102 | Crypt:3  | Noticed an ancient lich
 60115 | Crypt:3  | Killed an ancient lich
 60115 | Crypt:3  | Reached skill level 27 in Fighting
 60130 | Crypt:3  | Got an ancient granite ring
 60153 | Crypt:3  | Identified Ecle's Tome of the Glacier and Venom
 60243 | Crypt:3  | Found a staircase to the Tomb.
 60291 | Crypt:3  | Identified the ring of Toperah {*Tele *Corrode rPois Int+2}
                  | (You found it on level 3 of the Crypt)
 60597 | Depths:4 | Voluntarily entered the Abyss.
 60654 | Abyss:1  | Found a corrupted altar of Lugonu.
 60789 | Abyss:3  | Found a corrupted altar of Lugonu.
 60904 | Abyss:3  | Found a corrupted altar of Lugonu.
 60974 | Abyss:3  | Got an abyssal rune of Zot
 60988 | Depths:4 | Escaped the Abyss
 61656 | Slime:1  | Entered Level 1 of the Pits of Slime
 61666 | Slime:1  | Gained mutation: You do not regenerate when monsters are
                  | visible. [a shining eye]
 61668 | Slime:1  | Gained mutation: You are clumsy. (Dex -2) [a shining eye]
 61679 | Slime:1  | Gained mutation: You are frail. (-10% HP) [a shining eye]
 61688 | Slime:1  | Gained mutation: Your body sometimes deteriorates upon
                  | taking damage. [a shining eye]
 61690 | Slime:1  | Gained mutation: You are occasionally teleported next to
                  | monsters. [a shining eye]
 62180 | Slime:4  | Gained mutation: You are partially covered in molten
                  | scales. (AC +2) [a shining eye]
 62222 | Slime:5  | Entered Level 5 of the Pits of Slime
 62329 | Slime:5  | Gained mutation: You are weak. (Str -2) [a shining eye]
 62358 | Slime:5  | Gained mutation: You tend to lose your temper in combat. [a
                  | shining eye]
 62362 | Slime:5  | Gained mutation: You are dopey. (Int -2) [a shining eye]
 62403 | Slime:5  | Noticed the Royal Jelly
 62411 | Slime:5  | Reached skill level 10 in Throwing
 62449 | Slime:5  | Killed the Royal Jelly
 62480 | Slime:5  | Lost mutation: Your body sometimes deteriorates upon taking
                  | damage. [potion of mutation]
 62480 | Slime:5  | Lost mutation: You are clumsy. (Dex -2) [potion of
                  | mutation]
 62480 | Slime:5  | Gained mutation: Potions are less effective at restoring
                  | your health. [potion of mutation]
 62480 | Slime:5  | Gained mutation: Your flesh is heat resistant. (rF+)
                  | [potion of mutation]
 62480 | Slime:5  | Gained mutation: Your flesh is cold resistant. (rC+)
                  | [potion of mutation]
 62481 | Slime:5  | Lost mutation: You are dopey. (Int -2) [potion of mutation]
 62481 | Slime:5  | Lost mutation: You are frail. (-10% HP) [potion of
                  | mutation]
 62481 | Slime:5  | Lost mutation: You are occasionally teleported next to
                  | monsters. [potion of mutation]
 62481 | Slime:5  | Lost mutation: You are weak. (Str -2) [potion of mutation]
 62481 | Slime:5  | Gained mutation: You have large cloven feet. [potion of
                  | mutation]
 62482 | Slime:5  | Lost mutation: You tend to lose your temper in combat.
                  | [potion of mutation]
 62482 | Slime:5  | Lost mutation: You do not regenerate when monsters are
                  | visible. [potion of mutation]
 62482 | Slime:5  | Gained mutation: Armour fits poorly on your strangely
                  | shaped body. [potion of mutation]
 62482 | Slime:5  | Gained mutation: You are resistant to hostile enchantments.
                  | (MR+) [potion of mutation]
 62483 | Slime:5  | Lost mutation: You occasionally shout uncontrollably at
                  | your foes. [potion of mutation]
 62483 | Slime:5  | Lost mutation: Potions are less effective at restoring your
                  | health. [potion of mutation]
 62483 | Slime:5  | Gained mutation: You are somewhat resistant to further
                  | mutation. [potion of mutation]
 62484 | Slime:5  | Lost mutation: Armour fits poorly on your strangely shaped
                  | body. [potion of mutation]
 62484 | Slime:5  | Lost mutation: You are partially covered in molten scales.
                  | (AC +2) [potion of mutation]
 62484 | Slime:5  | Gained mutation: Your body sometimes deteriorates upon
                  | taking damage. [potion of mutation]
 62485 | Slime:5  | Lost mutation: You are somewhat resistant to further
                  | mutation. [potion of mutation]
 62485 | Slime:5  | Gained mutation: Your spells are a little harder to cast,
                  | but a little more powerful. [potion of mutation]
 62485 | Slime:5  | Gained mutation: Your mind is acute. (Int +2) [potion of
                  | mutation]
 62485 | Slime:5  | Gained mutation: You are agile. (Dex +2) [potion of
                  | mutation]
 62500 | Slime:5  | Identified the Reference Book on Displacement
 62815 | Slime:5  | Got a slimy rune of Zot
 62869 | Slime:5  | Identified the Handbook of Doomed Creation
 62970 | Slime:5  | Got an ancient dire flail
 62977 | Slime:5  | Got a smoking scimitar
 62978 | Slime:5  | Identified the +9 dire flail "Xiytextay" {pain, rN+ Str+6}
                  | (You found it on level 5 of the Pits of Slime)
 62979 | Slime:5  | Identified the +1 scimitar of Rugur {drain, +Fly Str-4
                  | Dex+9} (You found it on level 5 of the Pits of Slime)
 63779 | D:12     | Got a buzzing scale mail
 63780 | D:12     | Identified the +8 scale mail "Qulun" {Dex+4 Stlth+} (You
                  | found it on level 12 of the Dungeon)
 65215 | Hell     | Entered the Vestibule of Hell
 65215 | Hell     | Noticed Geryon
 65325 | Hell     | Killed Geryon
 65382 | Hell     | Noticed Murray
 65423 | Hell     | Killed Murray
 65462 | Hell     | Found a gateway to the ashen valley of Gehenna.
 65519 | Hell     | Found a gateway to the decaying netherworld of Tartarus.
 65556 | Hell     | Found a gateway to the freezing wastes of Cocytus.
 65617 | Hell     | Found a gateway to the Iron City of Dis.
 65780 | Coc:1    | Entered Level 1 of Cocytus
 66163 | Coc:1    | Reached skill level 15 in Throwing
 66751 | Coc:1    | Reached ****** piety under Makhleb
 70208 | Coc:7    | Entered Level 7 of Cocytus
 70642 | Coc:7    | Identified the ring of Gomecw {Wiz Int+3}
 70642 | Coc:7    | Noticed Antaeus
 71163 | Coc:7    | Killed Antaeus
 71190 | Coc:7    | Got an icy rune of Zot
 71265 | Coc:7    | Got a pitted crystal amulet
 71482 | Hell     | Identified the amulet "Docuy" {Inacc Str+6} (You found it
                  | on level 7 of Cocytus)
 71788 | Orc:2    | Bought a potion of mutation for 128 gold pieces
 72081 | Pan      | Entered Pandemonium
 72247 | Pan      | Entered the realm of Gloorx Vloq.
 72807 | Pan      | Got a dark rune of Zot
 72807 | Pan      | Noticed Gloorx Vloq
 73325 | Pan      | Found a glowing golden altar of the Shining One.
 73326 | Pan      | Noticed a seraph
 73512 | Pan      | Identified the cursed +0 tower shield of the Vaults {Str+4
                  | Int+2}
 73514 | Pan      | Identified the amulet "Tixol" {Spirit MR+ Dex+4}
 73530 | Pan      | Killed a seraph
 73960 | Pan      | Found a white marble altar of Elyvilon.
 73988 | Pan      | Reached skill level 5 in Evocations
 74030 | Pan      | Reached skill level 15 in Dodging
 74052 | Pan      | Acquired a manual of Invocations
 74328 | Pan      | Identified the +7 battleaxe "rasy's Regret" {freeze, rN+}
 74507 | Pan      | Identified the Incunabulum of Captivating Snow
 74515 | Pan      | Got a demonic rune of Zot
 74517 | Pan      | Got a blackened troll leather armour
 74518 | Pan      | Identified the +3 troll leather armour of Fashionability
                  | {Regen+ Str+3} (You found it in Pandemonium)
 74581 | Pan      | Identified the +1 buckler of Going Fast {Int+4}
 74963 | Pan      | Noticed Gloorx Vloq
 74977 | Pan      | Noticed Mennas
 75012 | Pan      | Killed Mennas
 75463 | Pan      | Found an exit through the horrors of the Abyss.
 75692 | Pan      | Noticed Foufylen the pandemonium lord
 75703 | Pan      | Killed Foufylen the pandemonium lord
 75767 | Pan      | Noticed Dareskev the pandemonium lord
 75828 | Pan      | Got a vibrating diamond amulet
 75908 | Pan      | Identified the amulet "Japun" {RegenMP rElec MP+9} (You
                  | found it in Pandemonium)
 75944 | Pan      | Noticed Voerphat the pandemonium lord
 75952 | Pan      | Identified the cursed ring "Funk" {rF++ MP+9 EV-4}
 75958 | Pan      | Killed Voerphat the pandemonium lord
 76073 | Pan      | Noticed Gloorx Vloq
 76153 | Pan      | Noticed Tungubi the pandemonium lord
 76214 | Pan      | Noticed Ceschofe the pandemonium lord
 76233 | Pan      | Killed Ceschofe the pandemonium lord
 76366 | Pan      | Lost mutation: You are agile. (Dex +2) [a cacodemon]
 76367 | Pan      | Gained mutation: You do not regenerate when monsters are
                  | visible. [a cacodemon]
 76378 | Pan      | Gained mutation: You tend to lose your temper in combat. [a
                  | cacodemon]
 76379 | Pan      | Gained mutation: Potions are less effective at restoring
                  | your health. [a cacodemon]
 76391 | Pan      | Gained mutation: Your body often deteriorates upon taking
                  | damage. [a cacodemon]
 76846 | Pan      | Lost mutation: You have large cloven feet. [potion of
                  | mutation]
 76846 | Pan      | Lost mutation: Your flesh is cold resistant. (rC+) [potion
                  | of mutation]
 76846 | Pan      | Lost mutation: Your body often deteriorates upon taking
                  | damage. [potion of mutation]
 76846 | Pan      | Lost mutation: You do not regenerate when monsters are
                  | visible. [potion of mutation]
 76846 | Pan      | Gained mutation: You occasionally shout uncontrollably at
                  | your foes. [potion of mutation]
 76846 | Pan      | Gained mutation: You are covered in fur. (AC +1) [potion of
                  | mutation]
 76847 | Pan      | Lost mutation: Your mind is acute. (Int +2) [potion of
                  | mutation]
 76847 | Pan      | Lost mutation: You tend to lose your temper in combat.
                  | [potion of mutation]
 76847 | Pan      | Gained mutation: You have sharp toenails. [potion of
                  | mutation]
 76847 | Pan      | Gained mutation: You tend to lose your temper in combat.
                  | [potion of mutation]
 76847 | Pan      | Gained mutation: Your natural rate of healing is unusually
                  | fast. [potion of mutation]
 77050 | Pan      | Found an exit through the horrors of the Abyss.
 77078 | Pan      | Entered the realm of Lom Lobon.
 77359 | Pan      | Noticed Lom Lobon
 77429 | Pan      | Got a magical rune of Zot
 77749 | Pan      | Found an exit through the horrors of the Abyss.
 78223 | Pan      | Entered the realm of Cerebov.
 78309 | Pan      | Identified the +6 sword of Cerebov {flame}
 78309 | Pan      | Noticed Cerebov
 78327 | Pan      | Killed Cerebov
 78347 | Pan      | Got a smouldering hand axe
 78348 | Pan      | Identified the +4 hand axe of Megalomania {venom, +Inv MR+
                  | Stlth+} (You found it in Pandemonium)
 78471 | Pan      | Got a fiery rune of Zot
 78526 | Pan      | Reached skill level 27 in Armour
 78613 | Pan      | Got a transparent lead ring
 78655 | Pan      | Identified the ring of Tyton {MR+ Str+7} (You found it in
                  | Pandemonium)
 79028 | Pan      | Noticed Onialyd the pandemonium lord
 79234 | Pan      | Entered the realm of Mnoleg.
 79267 | Pan      | Gained mutation: Scrolls take you a little longer to read.
                  | [a cacodemon]
 79275 | Pan      | Gained mutation: You often lose your temper in combat. [a
                  | cacodemon]
 79293 | Pan      | Reached skill level 27 in Shields
 79378 | Pan      | Gained mutation: Armour fits poorly on your strangely
                  | shaped body. [a neqoxec]
 79383 | Pan      | Lost mutation: You often lose your temper in combat.
                  | [potion of mutation]
 79383 | Pan      | Lost mutation: Your spells are a little harder to cast, but
                  | a little more powerful. [potion of mutation]
 79383 | Pan      | Gained mutation: You have an increased reservoir of magic.
                  | (+10% MP) [potion of mutation]
 79403 | Pan      | Noticed Gloorx Vloq
 79838 | Pan      | Lost mutation: You have an increased reservoir of magic.
                  | (+10% MP) [a neqoxec]
 79859 | Pan      | HP: 10/273 [Executioner[Gloorx Vloq] (16)]
 79860 | Pan      | Slain by an Executioner

Illustrated notes

Levels and vault maps discovered:
D:1:      co_arrival_random_square_maze, layout_rooms, serial_park_tiny_pond
D:2:      kennysheep_the_goblin_king, layout_basic, tso_altar,
          chequers_ecumenical_altar_island
D:3:      layout_basic, gammafunk_ghost_cemetery
D:4:      layout_loops_ring, lemuel_doored_altar, serial_shops, shop, uniq_robin
D:5:      layout_loops_ring, minmay_temple_entry_statues, enter_ossuary_4
D:6:      layout_cave_pods, serial_shops, shop,
          hangedman_abyss_or_decor_stagger, nicolae_ru_awakened_eye
D:7:      layout_cave_pools, serial_shops, shop,
          nemelex_xobeh_ov_fountains_minmay, uniq_joseph, uniq_pikel
D:8:      layout_loops_ring, grunt_temple_overflow_order_and_chaos_1,
          nicolae_overflow_hidden_temple, sigmund_army
D:9:      layout_long_grid, slow_altar_1
D:10:     layout_rooms, orc_0_dummy
D:11:     layout_basic, erik_lair_dragon
D:12:     gammafunk_the_bubble [the_bubble_gammafunk_plus_minus],
          layout_small_grid, special_room [special_room_orc], serial_rivers,
          chequers_serial_rivers_large_b, chequers_serial_rivers_micro_d,
          chequers_serial_rivers_small_a, chequers_serial_rivers_small_b
D:13:     layout_basic, lightli_vaults_fourway_checkpoint
D:14:     layout_stronghold, nrook_mini_backslash
D:15:     grunt_enter_depths_magical_seal, layout_long_grid, serial_shops, shop,
          amethyst_killhole, uniq_agnes
Temple:   hc_temple_tempest_star
Lair:1:   layout_gridlike, grunt_megastairs_3
Lair:2:   dragon1_lemuel, layout_cave_pods, guppyfry_snake_entry_garden,
          special_room [special_room_bee], nicolae_quartered_pool_super
Lair:3:   layout_chaotic_city, beast_lair_carwin_1, uniq_sonja
Lair:4:   layout_regular_city, minmay_shoals_entry_centaurs, minivault_25,
          serial_bayou_shore_b, uniq_nessos
Lair:5:   cheibrodos_magma_flow, layout_gridlike,
          chequers_serial_rivers_micro_e, grunt_forest_large_clearing_hut,
          uniq_snorg
Lair:6:   minmay_lair_end_enchanted_forest, layout_cave_pods,
          minmay_slime_entry_oklob_enclosed, portal_ice_cave_demonic_guard
Shoals:1: layout_shoals
Shoals:2: layout_shoals
Shoals:3: layout_shoals, ldierk_geyser, uniq_polyphemus
Shoals:4: shoals_end_grunt_ice, layout_shoals, shoals_ilsuiw_ice
Snake:1:  layout_cave_shapes, serial_shops, shop, shop
Snake:2:  layout_cave_pods, grunt_ministairs_1
Snake:3:  layout_cave_town, minmay_shop_grove
Snake:4:  snake_pit, layout_cave_town, hangedman_venom_bottle, uniq_aizul
Slime:1:  layout_caves
Slime:2:  layout_caves, cheibrodos_slime_lost_civilization_7
Slime:3:  layout_caves
Slime:4:  layout_caves
Slime:5
Orc:1:    layout_caves, elf_legates, uniq_fannar
Orc:2:    grunt_orc_tribal_feast, layout_caves
Elf:1:    layout_onion_city, evilmike_minifort
Elf:2:    layout_loops_corners, gammafunk_ghost_cemetery, serial_shops,
          nicolae_shop_overgrown_old_shop, basic_altar,
          fake_guardian_serpent_vault, uniq_jorgrun
Elf:3:    grunt_elf_hall_asides, layout_gridlike, serial_shops,
          nicolae_shop_behind_doors, uniq_bai_suzhen
Vaults:1: nicolae_vaults_shelves_hall, v_misc_4,
          vaults_standard_mumra_enter_the_diamond,
          nicolae_vaults_little_squares_2, vaults_room_hallway, v_misc_22,
          vaults_room_grid, v_misc_17, vaults_standard_mumra_enter_the_diamond,
          vaults_mumra_minichess, vaults_room_door_hall, v_pattern_3, v_misc_17,
          layout_vaults_omnicross
Vaults:2: hangedman_vaults_corner, v_alt_pattern_1, v_rooms_2,
          vaults_room_corners, v_misc_3, nicolae_vaults_alarming, v_misc_30,
          ontoclasm_vaults_idyll, nicolae_vaults_rhombus_7, vaults_room_hallway,
          nicolae_vaults_rhombus_6, layout_vaults_ring,
          minmay_crypt_entry_necro_gods, serial_shops, nicolae_shop_statue_plus
Vaults:3: v_misc_28, nicolae_vaults_network_periphery,
          nicolae_vaults_network_quincunx
          [nicolae_vaults_network_quincunx_subvault,
          nicolae_vaults_network_quincunx_subvault,
          nicolae_vaults_network_quincunx_subvault,
          nicolae_vaults_network_quincunx_subvault,
          nicolae_vaults_network_quincunx_subvault], v_pattern_5,
          vaults_room_semicircle, layout_vaults_omnigrid, serial_shops,
          bzr_firewalk, uniq_jory
Vaults:4: special_room_vaults [special_room_orc], vaults_room_semicircle,
          vaults_mumra_chevron_long, nicolae_vaults_hallways_thing,
          hangedman_vaults_unwind, vaults_room_door_hall,
          nicolae_vaults_little_squares_2, v_misc_28, vaults_room_door_ring,
          layout_vaults_maze_snakey
Vaults:5: serial_shops
Crypt:1:  layout_misc_corridors, serial_sigils_hangedman_quiver, uniq_donald
Crypt:2:  layout_misc_corridors, uniq_frederick
Crypt:3:  david_glass_crypt, layout_chaotic_city, tomb_entry_simple_bobbens
Depths:1: layout_roguey, hell_entry, rand_demon_pan_entry_9,
          serial_bayou_pond_b, chequers_serial_rivers_large_a,
          nicolae_elemental_shop, grunt_ministairs_14, lemuel_old_faithful,
          uniq_sojobo
Depths:2: grunt_house_of_mirrors, layout_cave_pools, enter_ziggurat_d,
          grunt_hell_horde, serial_shops, shop, serial_bayou_ford_a, uniq_mara
Depths:3: minmay_the_grid_octo_tiled_octocenter [minmay_the_grid_octo_clover,
          minmay_the_grid_octo_teeth, minmay_the_grid_octo_fan_narrow,
          minmay_the_grid_octo_focus,
          minmay_the_grid_octo_prize_ultimate_mussel_roller,
          minmay_the_grid_square_5x5_slash, minmay_the_grid_square_5x5_empty,
          minmay_the_grid_square_5x5_detours,
          minmay_the_grid_square_5x5_moneybag], layout_twisted_cross,
          rand_demon_pan_entry_7, hell_entry, minmay_misc_feat_enclosed,
          minmay_crystal_water, uniq_boris
Depths:4: evilmike_negative_zone, layout_long_grid, serial_bayou,
          serial_bayou_pond_b, serial_bayou_crossing, serial_bayou_pond_a,
          serial_bayou_lake_a, pf_vacation_house_of_asmodeus, abyss_entry,
          minmay_misc_feat_columns, hangedman_decor_push,
          chequers_serial_rivers_micro_c, serial_bayou_shore_b
Depths:5: evilmike_zot_entry_hall, layout_honeycomb, hell_entry,
          minmay_misc_feat_nine_boxes, abyss_entry, uniq_margery
Hell
Coc:1:    layout_cocytus_water_paths
Coc:2:    layout_cocytus_water_paths
Coc:3:    layout_ice_bergs
Coc:4:    layout_cocytus_water_paths
Coc:5:    layout_ice_bergs
Coc:6:    layout_cocytus_water_paths
Coc:7:    coc_hangedman
Pan:      grunt_pan_in_and_out, layout_basic, reaverb_pan_chaos_star,
          nicolae_pan_cerebovesque_2, gloorx_vloq, layout_pan_divisions_a
          [pan_division_quadrant_a1, pan_division_quadrant_a2,
          pan_division_quadrant_a2, pan_division_quadrant_a3,
          pan_division_octagon_halves], evilmike_holy_pan,
          evilmike_mini_pan_doors_b, layout_grid_shapes,
          pan_blood_fountain_small, uniq_gloorx_vloq,
          regret_index_pan_draining_boxed, layout_small_grid,
          pan_blood_fountain_small, pan_surprise, lemuel_hall_of_pain,
          layout_cellular_growth, uniq_gloorx_vloq, uniq_mennas_pan,
          rand_demon_1, layout_gridville, nicolae_pan_sick_transit,
          rand_demon_3, layout_pan_divisions_a [pan_division_quadrant_a4,
          pan_division_quadrant_a4, pan_division_quadrant_a6,
          pan_division_quadrant_a6, pan_division_octagon_halves],
          evilmike_mini_pan_layers, layout_basic, uniq_gloorx_vloq,
          nicolae_pan_hourglass, layout_irregular_city,
          pan_blood_fountain_small, pan_blood_fountain, uniq_gloorx_vloq,
          evilmike_mini_pan_3x3, layout_chambers, pan_blood_fountain,
          pan_blood_fountain_2, lom_lobon, layout_onion_city,
          nicolae_pan_double_arrow, layout_chambers, nicolae_pan_mnolegish_5,
          pan_disco_hall, layout_cross, evilmike_mini_pan_T, layout_small_grid,
          uniq_gloorx_vloq, evilmike_cerebov_lava, layout_gridlike,
          grunt_pan_pentagram, layout_pan_divisions_a [pan_division_quadrant_a3,
          pan_division_quadrant_a3, pan_division_quadrant_a3,
          pan_division_quadrant_a1, pan_division_octagon_box],
          grunt_pan_sceptre, layout_pan_divisions_a [pan_division_quadrant_a1,
          pan_division_quadrant_a3, pan_division_quadrant_a4,
          pan_division_quadrant_a4, pan_division_octagon_halves],
          uniq_gloorx_vloq, evilmike_mini_pan_layers, layout_basic,
          pan_blood_fountain, grunt_pan_zigzag, layout_stronghold,
          uniq_gloorx_vloq, nicolae_pan_gloorx_vloqian_2,
          evilmike_mini_pan_diamond, layout_basic, nicolae_pan_mnolegish_3,
          nicolae_pan_sigil_obb, mnoleg_st, layout_basic,
          pan_blood_fountain_small, uniq_gloorx_vloq

Skill      XL: |  1  2  3  4  5  6  7  8  9 10 11 12 13 14 15 16 17 18 19 20 21 22 23 24 25 26 27 |
---------------+----------------------------------------------------------------------------------+-----
Axes           | 3 4 5 6 8 9 11 13 14 18 25 | 25.0
Shields        | 7 9 10 13 15 19 22 23 25 27 | 27.0
Armour         | 5 7 10 13 15 17 18 19 20 21 22 23 27 | 27.0
Evocations     | 1 8 |  8.1
Fighting       | 5 7 10 13 15 17 18 19 20 21 22 24 25 26 27 | 27.0
Invocations    | 2 4 7 8 15 19 20 22 | 22.9
Dodging        | 4 7 10 20 | 20.0
Translocations | 5 8 |  8.0
Spellcasting   | 3 5 |  5.0
Throwing       | 1 5 16 | 16.0

Action                   |  1- 3 |  4- 6 |  7- 9 | 10-12 | 13-15 | 16-18 | 19-21 | 22-24 | 25-27 || total
-------------------------+-------+-------+-------+-------+-------+-------+-------+-------+-------++-------
Melee: War axe           |    72 |   144 |    54 |       |       |       |       |       |       ||   270
       Headbutt          |     7 |    28 |    59 |   148 |   333 |   405 |   277 |   389 |  1563 ||  3209
       Hand axe          |       |       |   304 |   606 |   843 |       |       |       |       ||  1753
       Morningstar       |       |       |       |       |     6 |       |       |       |       ||     6
       Broad axe         |       |       |       |       |   279 |  1348 |   864 |  1346 |  4220 ||  8057
       Sacred scourge    |       |       |       |       |       |       |       |       |   477 ||   477
Throw: Boomerang         |       |       |       |       |     4 |    14 |     3 |       |     4 ||    25
       Javelin           |       |       |       |       |       |       |       |       |    21 ||    21
 Cast: Blink             |       |       |       |       |       |       |       |     1 |    10 ||    11
       Apportation       |       |       |       |       |       |       |       |     1 |     1 ||     2
Invok: Heroism           |       |       |     1 |     6 |     5 |     8 |     9 |     5 |       ||    34
       Finesse           |       |       |       |     5 |     4 |     8 |     8 |     5 |       ||    30
       Minor Destruction |       |       |       |       |       |       |       |     5 |     1 ||     6
       Lesser Servant of |       |       |       |       |       |       |       |     4 |    13 ||    17
       Major Destruction |       |       |       |       |       |       |       |     1 |    14 ||    15
       Greater Servant o |       |       |       |       |       |       |       |       |    57 ||    57
Evoke: Wand              |       |       |       |       |       |       |     3 |       |     3 ||     6
       Horn of Geryon    |       |       |       |       |       |       |       |       |     1 ||     1
  Use: Scroll            |     3 |     1 |    10 |     5 |    13 |    13 |     9 |    10 |    59 ||   123
       Potion            |       |     4 |     9 |     3 |     2 |     2 |     3 |     5 |    29 ||    57
 Stab: Held in net/web   |       |       |       |       |       |     1 |       |       |       ||     1
       Distracted        |       |       |       |       |       |       |     1 |     3 |    30 ||    34
Armor: Chain mail        |    58 |    50 |    73 |    41 |       |       |    61 |       |       ||   283
       Plate armour      |       |       |       |    30 |   354 |   333 |       |       |       ||   717
       Crystal plate arm |       |       |       |       |       |       |    45 |   491 |  1592 ||  2128
Dodge: Dodged            |    11 |    12 |    42 |    37 |    84 |   226 |   122 |   135 |   659 ||  1328
Block: Kite shield       |    24 |       |       |       |       |       |       |       |       ||    24
       Tower shield      |    30 |   110 |   230 |   425 |   980 |  1568 |   739 |  1644 |  5755 || 11481
       Reflection        |       |       |       |       |    21 |   192 |   111 |   154 |   175 ||   653

Table legend: (Time is in decaauts)
 A = Elapsed time spent in this place.
 B = Non-inter-level travel time spent in this place.
 C = Inter-level travel time spent in this place.
 D = Time resting spent in this place.
 E = Time spent auto-exploring this place.
 F = Levels seen in this place.
 G = Mean time per level.
                   A        B        C        D        E       F      G
               +--------+--------+--------+--------+--------+-----+--------+
         Total |  77203 |  67061 |  10142 |   8074 |  41433 |  90 |  857.8 |
       Dungeon |  17690 |  14008 |   3682 |    882 |  10500 |  15 | 1179.3 |
        Temple |    312 |    256 |     56 |      0 |    247 |   1 |  312.0 |
          Lair |   7437 |   5806 |   1631 |    207 |   4631 |   6 | 1239.5 |
        Shoals |   4840 |   4203 |    637 |    417 |   2739 |   4 | 1210.0 |
     Snake Pit |   4835 |   4615 |    220 |    715 |   3007 |   4 | 1208.8 |
    Slime Pits |   1345 |   1286 |     59 |    299 |    525 |   5 |  269.0 |
  Orcish Mines |   4566 |   3701 |    865 |   1620 |   1595 |   2 | 2283.0 |
   Elven Halls |   5251 |   4341 |    910 |    318 |   2992 |   3 | 1750.3 |
        Vaults |   6798 |   5525 |   1273 |      0 |   4182 |   5 | 1359.6 |
         Crypt |   3177 |   3056 |    121 |    524 |   1870 |   3 | 1059.0 |
        Depths |   6870 |   6291 |    579 |    611 |   3903 |   5 | 1374.0 |
          Hell |    664 |    647 |     17 |    110 |    263 |   1 |  664.0 |
       Cocytus |   5227 |   5139 |     88 |    676 |   2526 |   7 |  746.7 |
         Abyss |    414 |    414 |      0 |      0 |    178 |   4 |  103.5 |
   Pandemonium |   7222 |   7222 |      0 |   1695 |   1862 |  22 |  328.3 |
        Bazaar |    137 |    137 |      0 |      0 |    115 |   1 |  137.0 |
       Ossuary |    268 |    268 |      0 |      0 |    200 |   1 |  268.0 |
      Ice Cave |    143 |    143 |      0 |      0 |     95 |   1 |  143.0 |
               +--------+--------+--------+--------+--------+-----+--------+

Top non-repeatable levels by time:
   Orc:2: 2528 daAuts
 Snake:4: 2113 daAuts
   Elf:2: 2049 daAuts
   Orc:1: 2037 daAuts
    D:14: 1964 daAuts
Depths:4: 1826 daAuts
    D:11: 1786 daAuts
  Lair:6: 1743 daAuts
   Elf:1: 1718 daAuts
Vaults:1: 1555 daAuts
  Lair:2: 1532 daAuts
Vaults:3: 1520 daAuts
    D:12: 1503 daAuts
    D:15: 1483 daAuts
   Elf:3: 1482 daAuts
